 Dungeon Crawl Stone Soup version 0.29-a0-323-g050149af67 (webtiles) character file.

Game seed: 2159616388875157846

212 oldriver the Gusty (level 5, 22/24 HPs)
             Began as a Felid Air Elementalist on Apr 10, 2022.
             Was a Follower of the Shining One.
             Quit the game on level 4 of the Dungeon on Apr 11, 2022.
             The game lasted 00:10:08 (4636 turns).

oldriver the Gusty (Felid Air Elementalist)         Turns: 4636, Time: 00:10:09

Health: 22/24      AC:  1    Str:  4    XL:     5   Next: 58%
Magic:  2/10       EV: 17    Int: 16    God:    the Shining One [*.....]
Gold:   198        SH:  0    Dex: 19    Spells: 8/9 levels left
                                        Lives:  1   Deaths: 0

rFire   . . .      SeeInvis +   (weapon unavailable)
rCold   . . .      Faith    .   (shield unavailable)
rNeg    . . .      Spirit   .   (body armour unavailable)
rPois   .          Reflect  .   (helmet unavailable)
rElec   .          Harm     .   (cloak unavailable)
rCorr   .          Rampage  .   (gloves unavailable)
Will    .....                   (boots unavailable)
Stlth   +.........              (no amulet)
HPRegen 0.08/turn               (no ring)
MPRegen 0.12/turn               (no ring)

@: glowing, quick
A: very small, claws 1, fangs 3, see invisible, speed 1, shaggy fur 1, stealthy
paws, no weapons or thrown items, no armour, multi-lived
a: Renounce Religion, Divine Shield


You were on level 4 of the Dungeon.
You worshipped the Shining One.
The Shining One was aware of your devotion.
You visited 1 branch of the dungeon, and saw 4 of its levels.

You collected 198 gold pieces.

Inventory:

Jewellery
 l - a ring of poison resistance
Scrolls
 e - a scroll of holy word {unknown}
 g - a scroll of enchant armour {unknown}
 i - 2 scrolls of magic mapping {unknown}
 j - 4 scrolls of teleportation {unknown}
 k - 2 scrolls of identify {unknown}
Potions
 a - a potion of magic
 b - a potion of cancellation {unknown}
 c - a potion of berserk rage {unknown}
 d - 2 potions of heal wounds {unknown}
 f - 2 potions of curing {unknown}
 h - 2 potions of brilliance {unknown}
 m - a potion of flight {unknown}
 n - a potion of attraction {unknown}


   Skills:
 * Level 2.9 Fighting
 - Level 2.6 Dodging
 - Level 2.6 Stealth
 + Level 2.7 Spellcasting
 + Level 2.1 Conjurations
 * Level 4.0 Air Magic


You had 8 spell levels left.
You knew the following spells:

 Your Spells              Type           Power      Damage    Failure   Level
a - Shock                 Conj/Air       48%        1d6       5%          1

Your spell library contained the following spells:

 Spells                   Type           Power      Damage    Failure   Level
 Static Discharge         Conj/Air       12%        N/A       9%          2
 Swiftness                Air            15%        N/A       11%         3
 Freeze                   Ice            8%         1d3       19%         1
 Airstrike                Air            7%         N/A       36%         4
 Frozen Ramparts          Ice            4%         1d2       50%         3
 Hailstorm                Conj/Ice       5%         3d4       77%         4


Dungeon Overview and Level Annotations

Branches:
Dungeon (4/15)
 Temple: D:4-7

Altars:
Dithmenos
The Shining One

Shops:
D:1 *   D:3 =


Innate Abilities, Weirdness & Mutations

You have sharp claws.
You have razor-sharp teeth.
You have supernaturally acute eyesight. (SInv)
You cover ground quickly. (Speed+)
You are covered in fur. (AC +1)
Your paws help you pounce on unaware monsters.
You are incapable of wielding weapons or throwing items.
You cannot wear armour.
You gain extra lives every three experience levels.


Message History

That beam is likely to hit you.
Continue anyway? [Y]es or [N]o only, please.
That beam is likely to hit you.
Continue anyway? [Y]es or [N]o only, please.
That beam is likely to hit you.
Continue anyway? [Y]es or [N]o only, please.
That beam is likely to hit you.
Continue anyway? [Y]es or [N]o only, please.
That beam is likely to hit you.
Continue anyway? [Y]es or [N]o only, please.
That beam is likely to hit you.
Continue anyway? [Y]es or [N]o only, please.
That beam is likely to hit you.
Continue anyway? [Y]es or [N]o only, please.
That beam is likely to hit you.
Continue anyway?
Okay, then.
The jackal attacks as you move away! The jackal bites you.
Things that are here:
a +0 club; a +0 scale mail; an orc corpse The zap hits the jackal.
You kill the jackal!
The zap misses the jackal.
Your Air Magic skill increases to level 4!
The zap hits the jackal.
The jackal is heavily wounded.
The jackal closely misses you. The jackal bites you.
The zap misses the jackal.
The jackal closely misses you.
The zap misses the jackal.
The jackal barely misses you. The jackal closely misses you.
The zap hits the jackal.
You kill the jackal!
You can't see any susceptible monsters within range! (Use Z to cast anyway.)
You can't see any susceptible monsters within range! (Use Z to cast anyway.)
You can't see any susceptible monsters within range! (Use Z to cast anyway.) Unknown command.
Unknown command.
There is a stone staircase leading up here.
Things that are here:
a +0 club; a +0 scale mail; an orc corpse Are you sure you want to abandon this character and quit the game? (Confirm with "yes".)

### #<#
#@# #†#
#.# #.#
#.# #.#
#..†...#
####.....
...#


There were no monsters in sight!

Vanquished Creatures
  A scorpion (D:3)
  Robin (D:2)
  2 gnolls (D:1)
  4 adders
  2 worms (D:2)
  A dart slug (D:3)
  4 orcs
  3 bats
  6 endoplasms
  2 giant cockroaches
  11 goblins
  8 hobgoblins
  9 jackals
  4 quokkas
  7 ball pythons
  2 frilled lizards
  3 kobolds
  3 rats
73 creatures vanquished.

Vanquished Creatures (others)
  3 fungi (D:1)
  3 plants (D:1)
6 creatures vanquished.

Grand Total: 79 creatures vanquished

Notes
Turn   | Place    | Note
-------+----------+-------------------------------------------
     0 | D:1      | oldriver the Felid Air Elementalist began the quest for the
                  | Orb.
     0 | D:1      | Reached XP level 1. HP: 7/7 MP: 4/4
    98 | D:1      | Reached skill level 1 in Conjurations
   335 | D:1      | Reached XP level 2. HP: 12/12 MP: 3/6
   433 | D:1      | Reached skill level 1 in Fighting
   433 | D:1      | Reached skill level 3 in Air Magic
   848 | D:1      | Reached XP level 3. HP: 6/15 MP: 2/7
  1038 | D:1      | Found Nownag's General Store.
  1270 | D:1      | Found a faded altar of an unknown god.
  1283 | D:1      | Prayed at the altar of an unknown god.
  1283 | D:1      | Became a worshipper of the Shining One
  1283 | D:1      | Reached * piety under the Shining One
  1682 | D:2      | Noticed Robin
  2153 | D:2      | Killed Robin
  2154 | D:2      | Reached XP level 4. HP: 12/19 MP: 2/8
  2963 | D:3      | Found a shadowy altar of Dithmenos.
  3288 | D:3      | Noticed a scorpion
  3305 | D:3      | Killed a scorpion
  3306 | D:3      | Reached XP level 5. HP: 17/23 MP: 0/10
  4019 | D:3      | Found Wisug's Jewellery Emporium.
  4630 | D:4      | Reached skill level 4 in Air Magic
  4636 | D:4      | Quit the game

Illustrated notes

Levels and vault maps discovered:
D:1:      minmay_arrival_radiant_lines, layout_basic, serial_shops,
          nicolae_diamond_shop, shapermc_ecumenical_altar_mp_ritualfount
D:2:      layout_loops_ring, hangedman_abyss_or_decor_lesser_grid,
          grunt_ministairs_9, uniq_robin
D:3:      layout_rooms, grunt_dithmenos_smoke, serial_shops,
          nicolae_shop_advertising_works [nicolae_subvault_shop_adworks],
          serial_park_tiny_2
D:4:      layout_basic, grunt_gozag_statues, makhleb_altar_promises_db,
          serial_shops, nicolae_lakefront_shop, glass_columns_a

Skill      XL: |  1  2  3  4  5 |
---------------+----------------+-----
Conjurations   | 1 2 |  2.1
Fighting       | 1 2 |  2.9
Air Magic      | 3 4 |  4.0
Dodging        | |  2.6
Stealth        | |  2.6
Spellcasting   | |  2.7

Action                   |  1- 3 |  4- 6 || total
-------------------------+-------+-------++-------
 Cast: Shock             |    89 |   142 ||   231
Armor: Skin              |     2 |     2 ||     4
Dodge: Dodged            |    32 |    40 ||    72

Table legend: (Time is in decaauts)
 A = Elapsed time spent in this place.
 B = Non-inter-level travel time spent in this place.
 C = Inter-level travel time spent in this place.
 D = Time resting spent in this place.
 E = Time spent auto-exploring this place.
 F = Levels seen in this place.
 G = Mean time per level.
                   A        B        C        D        E       F      G
               +--------+--------+--------+--------+--------+-----+--------+
         Total |   4200 |   4003 |    197 |   1051 |   2141 |   4 | 1050.0 |
       Dungeon |   4200 |   4003 |    197 |   1051 |   2141 |   4 | 1050.0 |
               +--------+--------+--------+--------+--------+-----+--------+

Top non-repeatable levels by time:
     D:1: 1633 daAuts
     D:2: 1461 daAuts
     D:3: 972 daAuts
     D:4: 132 daAuts
